Map: Dusk Towers

Players

Wogo - Winner!

  • Race: Zerg Zerg
  • League: Diamond

LilDicky

  • Race: Terran Terran
  • League: Diamond

VOD

http://www.twitch.tv/tumescentpie

Description

Time

  • Played on: Nov. 23, 2015, 4:14 p.m.
  • Length: 6:49
Show
View Real Time Build Order
Export as new Build Order

Wogo Zerg - Winner!

Build Orders: Hatch First 

Get SALT Encoding   

  12  0:01  Drone  
  13  0:12  Overlord  
  13  0:18  Drone  
  14  0:31  Drone  
  14  0:32  Drone  
  16  0:39  Drone  
  17  0:48  Drone  
  18  0:58  Hatchery  
  18  1:02  Drone  
  18  1:04  Extractor  
  17  1:15  Spawning Pool  
  16  1:19  Drone  
  17  1:29  Drone  
  17  1:30  Drone  
  19  1:49  Drone  
  20  1:55  Drone  
  21  2:05  Metabolic Boost  
  21  2:09  Queen  
  21  2:10  Queen  
  21  2:14  Drone  
  21  2:15  Drone x2  
  28  2:24  Roach Warren  
  28  2:25  Drone  
  28  2:30  Drone, Extractor  
  28  2:35  Overlord  
  28  2:46  Spore Crawler  
  27  2:56  Zergling x6  
  30  3:00  Drone x2  
  30  3:04  Roach  
  34  3:09  Drone  
  34  3:26  Zergling x2  
  35  3:27  Overlord x3  
  35  3:40  Ravager  
  36  3:41  Overlord  
  36  3:46  Roach x3  
  36  3:47  Zergling x4  
  44  3:54  Drone  
  45  3:56  Drone x2  
  45  3:57  Drone  
  48  4:16  Roach x2  
  52  4:17  Zergling x6  
  55  4:25  Ravager x3  
  55  4:29  Drone x5  
  63  4:32  Lair  
  63  4:38  Queen  
  58  5:11  Roach x3, Zergling x6  
  58  5:12  Zergling x2  
  64  5:23  Roach, Zergling x4  
  64  5:25  Overlord x2  
  68  5:38  Zergling x4  
  67  6:03  Zergling x4  
  67  6:04  Roach x4, Zergling x4  
  74  6:10  Extractor  
  75  6:12  Extractor  
  73  6:27  Roach  
  73  6:28  Roach x2, Zergling x2  
Show
View Real Time Build Order
Export as new Build Order

LilDicky Terran 

Build Orders: Liberator Opening 

Get SALT Encoding   

  12  0:01  SCV  
  13  0:13  SCV  
  14  0:17  Supply Depot  
  14  0:25  SCV  
  15  0:34  Refinery  
  15  0:39  SCV  
  16  0:45  Barracks  
  16  0:53  SCV  
  17  1:05  SCV  
  18  1:18  SCV  
  19  1:30  SCV  
  19  1:32  Reaper  
  21  1:41  Command Center  
  21  1:46  Orbital Command  
  21  1:53  Supply Depot  
  21  2:05  Reaper  
  22  2:13  Refinery  
  22  2:14  SCV  
  23  2:17  Factory  
  23  2:26  SCV  
  23  2:28  Supply Depot  
  24  2:38  SCV  
  24  2:42  Barracks Reactor  
  25  2:50  SCV  
  27  2:59  Orbital Command  
  27  3:03  SCV  
  27  3:08  Starport  
  27  3:15  SCV  
  28  3:27  Barracks Reactor, SCV x2  
  28  3:31  Liberator  
  28  3:32  Barracks  
  28  3:33  Barracks  
  29  3:39  SCV  
  29  3:40  Hellion  
  29  3:41  SCV, Hellion  
  37  3:55  SCV  
  38  3:58  SCV  
  38  4:00  Supply Depot  
  38  4:02  Hellion x2  
  43  4:04  Marine  
  43  4:05  Marine  
  43  4:08  SCV  
  46  4:14  Liberator  
  46  4:15  SCV  
  47  4:21  SCV  
  47  4:23  Barracks Tech Lab x2, Marine x2  
  50  4:27  Hellion  
  50  4:29  Hellion  
  50  4:30  SCV  
  58  4:33  Supply Depot  
  48  5:06  Marine x2  
  51  5:07  SCV x2, Hellion x2  
  53  5:19  SCV x2  
  50  5:23  Starport Tech Lab  
  46  5:30  Marauder x2, Marine x2  
  42  5:36  SCV x2  
  42  5:39  Widow Mine  
  43  5:42  Concussive Shells  
  43  5:47  Marine  
  43  5:48  SCV, Banshee, Marine  
  48  5:51  Marauder, Marine  
  48  5:55  Widow Mine  
  47  6:05  Marine x2  
  47  6:06  SCV x2  
  47  6:09  Marauder  
  49  6:13  Marauder  
Tags
 
Add a new tag
Caveats
  • Supply blocks, unpowered buildings, or Contaminate may cause inaccurate times.
  • Supply counts are checked every 10 seconds.